Unix NetHack Version 5.0.0-0 post-release - last build May  4 2026 22:22:43 (774f63e81ad911689b3a0859ea89b322d5daca8d,branch:main).

Game began 2026-05-07 11:49:57, ended 2026-05-07 12:05:09.

31245981910, chaotic male orcish Ranger

             ------
             |....|
             |..<.|
             |....-#
             -.-|--##########
              #####r  ------.-
              ###  d) |......|
              #       |......|
         ######      #|......|
      ---%---------- #....----
      |.............##|....
      |............| #|...|
      |.......^....|  -----
      |............|
      --------------

31245981910 the Wererat      St:15 Dx:9 Co:14 In:14 Wi:14 Ch:8  Chaotic
Dlvl:4  $:0  HP:0(16) Pw:13(13) AC:6  HD:2 T:2114  Starved  Overtaxed Deaf

Latest messages:
 You regain consciousness.
 You can hear again.
 You faint from lack of food.
 Sirius turns to flee.
 Sirius turns to flee.
 Sirius turns to flee.
 Sirius turns to flee.
 Sirius turns to flee.
 You regain consciousness.
 There are 5 uncursed tripe rations here; eat one? [ynq] (n) y
 You can't do that while carrying so much stuff.
 You drop 58 gold pieces.
 You drop a ruby potion.
 You drop a yellow potion.
 You faint from lack of food.
 Sirius turns to flee.
 Sirius turns to flee.
 Sirius turns to flee.
 You regain consciousness.
 Sirius turns to flee.
 You can hear again.
 You faint from lack of food.
 Sirius turns to flee.
 Sirius turns to flee.
 Sirius turns to flee.
 Sirius turns to flee.
 You regain consciousness.
 You can hear again.
 You faint from lack of food.
 You regain consciousness.
 You can hear again.
 You faint from lack of food.
 Sirius picks up a dart.
 You regain consciousness.
 You faint from lack of food.
 Sirius turns to flee.
 Sirius drops a dart.
 Sirius picks up a dart.
 Sirius turns to flee.
 Sirius turns to flee.
 Sirius turns to flee.
 Sirius turns to flee.
 Sirius turns to flee.
 Sirius drops a dart.
 You die from starvation.
 Do you want your possessions identified? [ynq] (y) y
 Do you want to see your attributes? [ynq] (y) y
 Do you want an account of creatures vanquished? [ynaq] (y) y
 Do you want to see your conduct and achievements? [ynq] (y) y
 Do you want to see the dungeon overview? [ynq] (y) y

Inventory:
 Comestibles  ('%')
  l - an uncursed cram ration
  h - 2 uncursed food rations
  o - an uncursed pear
  g - 3 uncursed eggs

31245981910 the Ranger's attributes:

Background:
 You were in male wererat form.
 You were actually a Lookout, a level 3 male orcish Ranger.
 You were chaotic, nominally on a mission for Mars
 who was opposed by Mercury (lawful) and Venus (neutral).
 You were normally right-handed.
 You were in the Dungeons of Doom, on level 4.
 You entered the dungeon 2114 turns ago.

Basics:
 You had 0 out of 16 hit points.
 You had all 13 energy points (spell power).
 You had 2 hit dice.
 Your armor class was 6.
 Your wallet was empty.
 Autopickup was off.

Final Characteristics:
 Your strength was 15.
 Your dexterity was 9.
 Your constitution was 14.
 Your intelligence was 14.
 Your wisdom was 14.
 Your charisma was 8.

Final Status:
 You were transformed.
 You were deaf.
 You were starved.
 You were overtaxed; movement was extremely slowed.
 You weren't wielding anything.
 You were unskilled in bare handed combat.
 You weren't wearing any armor.

Final Attributes:
 You were devoutly aligned.
 You were poison resistant.
 You were level-drain resistant.
 You had automatic searching.
 You had infravision.
 You regenerated.
 You were a wererat in beast form.
 You were harmed by silver.
 You are dead.

Miscellaneous:
 You didn't encounter any bones levels.
 Total elapsed playing time was 15 minutes and 11 seconds.

Major events:
 Turn
    1: 31245981910 the chaotic male orcish Ranger entered the dungeon
 1537: attained the rank of Lookout (level 3)
 2114: died of starvation, while fainted

You didn't know any spells.

Skills:
 Fighting Skills
   bare handed combat [Unskilled]
   riding             [Unskilled]
 Weapon Skills
   dagger             [Basic]
   knife              [Unskilled]
   axe                [Unskilled]
   pick-axe           [Unskilled]
   short sword        [Unskilled]
   morning star       [Unskilled]
   flail              [Unskilled]
   hammer             [Unskilled]
   quarterstaff       [Unskilled]
   polearms           [Unskilled]
   spear              [Unskilled]
   trident            [Unskilled]
   bow                [Basic]
   sling              [Unskilled]
   crossbow           [Unskilled]
   dart               [Unskilled]
   shuriken           [Unskilled]
   boomerang          [Unskilled]
   whip               [Unskilled]
 Spellcasting Skills
   healing spells     [Unskilled]
   divination spells  [Unskilled]
   escape spells      [Unskilled]

Voluntary challenges:
 Character rerolling was not enabled.
 You were an atheist.
 You were illiterate.
 You never genocided any monsters.
 You never polymorphed an object.
 You used no wishes.
Achievements:
 You entered a shop.
 You attained the rank of Lookout.

 The Dungeons of Doom: levels 1 to 4
    Level 1:
    Level 2:
    Level 3:
       A tool shop.
    Level 4: <- You were here.
       Final resting place for
          you, died of starvation, while fainted.


Vanquished creatures:
  a dwarf zombie
  a wererat
 an iguana
 an acid blob
  a gas spore
  2 large kobolds
  a gecko
  7 jackals
  a kobold
  2 goblins
  2 sewer rats
  5 grid bugs
  2 lichens
  2 kobold zombies
  5 newts
34 creatures vanquished.

No species were genocided or became extinct.

Game over:
                       ----------
                      /          \
                     /    REST    \
                    /      IN      \
                   /     PEACE      \
                  /                  \
                  |   31245981910    |
                  |       0 Au       |
                  |     died of      |
                  |    starvation    |
                  |                  |
                  |                  |
                  |       2026       |
                 *|     *  *  *      | *
        _________)/\\_//(\/(/\)/\//\/|_)_______

Goodbye 31245981910 the Ranger...

You starved in The Dungeons of Doom on dungeon level 4 with 310 points,
and 0 pieces of gold, after 2114 moves.
You were level 3 with a maximum of 27 hit points when you starved.

